 Dungeon Crawl Stone Soup version 0.31-a0-263-ge8cad7f256 (webtiles) character file.

Game seed: 11236017636163495157

56 qw the Shooter (level 3, 0/29 HPs)
             Began as a Minotaur Hexslinger on July 13, 2023.
             Frozen to death by an endoplasm (1 damage)
             ... on level 2 of the Dungeon.
             The game lasted 00:00:22 (969 turns).

qw the Shooter (Minotaur Hexslinger)                 Turns: 969, Time: 00:00:23

Health: 0/29       AC:  3    Str: 12    XL:     3   Next: 71%
Magic:  3/3        EV: 12    Int: 10    God:
Gold:   72         SH:  0    Dex: 14    Spells: 3/4 levels left

rFire   . . .        Y - +1 sling
rCold   . . .        (no shield)
rNeg    . . .        e - +0 leather armour
rPois   .            (helmet restricted)
rElec   .            (no cloak)
rCorr   .            (no gloves)
SInv    .            (no boots)
Will    .....        (no amulet)
Stlth   +            (no ring)
HPRegen 0.24/turn    (no ring)
MPRegen 0.08/turn

%: no passive effects
@: about to teleport
A: horns 2, retaliatory headbutt
a: no special abilities


You were on level 2 of the Dungeon.
You visited 1 branch of the dungeon, and saw 2 of its levels.

You collected 72 gold pieces.


Innate Abilities, Weirdness & Mutations

You have a pair of horns on your head.
You reflexively headbutt those who attack you in melee.


   Skills:
 - Level 2.0 Fighting
 + Level 4.2 Ranged Weapons
 - Level 2.1 Dodging
 - Level 1.0 Spellcasting
 - Level 2.0 Hexes


You had 3 spell levels left.
You knew the following spells:

 Your Spells              Type           Power      Damage    Failure   Level
a - Slow                  Hex            16%        N/A       19%         1

Your spell library contained the following spells:

 Spells                   Type           Power      Damage    Failure   Level
 Inner Flame              Hex/Fire       2%         N/A       65%         3
 Portal Projectile        Hex/Tloc       4%         N/A       65%         3
 Cause Fear               Hex            2%         N/A       88%         4

Inventory:

Hand Weapons
 Y - a +1 sling (weapon)
Armour
 d - a +0 ring mail
 e - a +0 leather armour (worn)
Potions
 b - a potion of haste {unknown}
 c - a potion of mutation {unknown}

Dungeon Overview and Level Annotations

Branches:
Dungeon (2/15)

Altars:


Message History

You shoot a sling bullet.
The sling bullet hits the gnoll but does no damage.
The gnoll is lightly wounded.
The gnoll hits you with a +0 club.
You shoot a sling bullet. The sling bullet hits the gnoll!
The gnoll is severely wounded.
The gnoll barely misses you.
An endoplasm comes into view.
The gnoll closely misses you.
You shoot a sling bullet. The endoplasm quivers.
The sling bullet hits the gnoll!
You kill the gnoll!
Your Ranged Weapons skill increases to level 4!
You shoot a sling bullet.
The sling bullet closely misses the gnoll.
The gnoll hits you with a +0 club.
You shoot a sling bullet. The sling bullet hits the gnoll!
The gnoll is heavily wounded.
The gnoll hits you with a +0 club. The gnoll closely misses you.
You furiously retaliate!
You headbutt the gnoll. You shoot a sling bullet.
The sling bullet hits the gnoll.
The gnoll is almost dead.
The gnoll hits you with a +0 club. x2; The gnoll barely misses you.
The gnoll hits you with a +0 club.
966 ||| READING scroll of teleportation.
As you read the scroll of teleportation, it crumbles to dust.
You feel strangely unstable. The gnoll hits you with a +0 club. x2
You shoot a sling bullet.
The sling bullet closely misses the gnoll.
The gnoll barely misses you. x2; You furiously retaliate!
You headbutt the gnoll. You shoot a sling bullet.
The sling bullet hits the gnoll.
You kill the gnoll!
The gnoll closely misses you.
You shoot a sling bullet.
The sling bullet closely misses the gnoll.
The endoplasm freezes you.
You are frozen.
You die...

##.#..##)# ..>#..##.#
#..#..##.# #..#..##.#
#..#..##.# #..#..##)#
...#..##.# #########
......##.# #gJ......
.........## #@#
..........# #.#
...##.###.######.#
#####............####.#
#####.............#
###############


You could see a gnoll and an endoplasm.

Vanquished Creatures
  2 gnolls (D:2)
  6 bats
  4 endoplasms (D:1)
  A hobgoblin (D:1)
  4 quokkas
  5 ball pythons
  2 frilled lizards (D:1)
  5 goblins (D:1)
  5 kobolds
34 creatures vanquished.

Notes
Turn   | Place    | Note
-------+----------+-------------------------------------------
     0 | D:1      | qw the Minotaur Hexslinger began the quest for the Orb.
     0 | D:1      | Reached XP level 1. HP: 16/16 MP: 1/1
     0 | D:1      | 0 ||| qw: Version: 0.3-a-52-g30416fa
     0 | D:1      | 0 ||| qw: Game counter: 7493
     0 | D:1      | 0 ||| qw: Melee chars always use a shield: true
     0 | D:1      | 0 ||| qw: God list: Okawaru
     0 | D:1      | 0 ||| qw: Allow faded altars: false
     0 | D:1      | 0 ||| qw: Do Orc after clearing Dungeon:15 true
     0 | D:1      | 0 ||| qw: Do second Lair branch before Depths: true
     0 | D:1      | 0 ||| qw: Lair rune preference: random
     0 | D:1      | 0 ||| qw: Goals: Normal
     0 | D:1      | 0 ||| PLANNING D:1-11
   119 | D:1      | Reached skill level 3 in Ranged Weapons
   136 | D:1      | Reached XP level 2. HP: 23/23 MP: 2/2
   728 | D:1      | Reached XP level 3. HP: 29/29 MP: 3/3
   766 | D:1      | 766 ||| UPGRADING to +0 leather armour.
   776 | D:1      | 776 ||| DROPPING +0 robe.
   777 | D:1      | 777 ||| READING 2 scrolls labelled FOJAIM YLAICKOUCZO.
   782 | D:1      | 782 ||| READING scroll labelled XIAWOP NAULO.
   783 | D:1      | 783 ||| DROPPING scroll of poison.
   963 | D:2      | Reached skill level 4 in Ranged Weapons
   965 | D:2      | HP: 6/29 [gnoll/+0 club (4)]
   966 | D:2      | 966 ||| READING scroll of teleportation.
   966 | D:2      | HP: 1/29 [gnoll/+0 club (3)]
   969 | D:2      | Frozen to death by an endoplasm

Levels and vault maps discovered:
D:1:      amcnicky_arrival_underground_garden, layout_basic,
          minmay_misc_feat_iff, corexii_item_surrounded_by_moat
D:2:      layout_loops_ring

Skill      XL: |  1  2  3 |
---------------+----------+-----
Ranged Weapons | 3 4 |  4.2
Fighting       | 2 |  2.0
Dodging        | |  2.1
Spellcasting   | |  1.0
Hexes          | |  2.0

Action                     || total
---------------------------++-------
   Fire: Sling             ||    89
    Use: Scroll            ||     3
 Armour: Robe              ||     6
         Leather armour    ||     2
  Dodge: Dodged            ||    20

Table legend:
 A = Non-vault XP
 B = Vault XP
 C = Vault XP percentage of total XP
 D = Non-vault monster count
 E = Vault monster count
 F = Vault count percentage of total count
                 A         B        C        D         E       F
            +---------+---------+-------+---------+---------+-------
      Total |      81 |       0 |   0.0 |      34 |       0 |   0.0
            +---------+---------+-------+---------+---------+-------
        D:1 |      42 |       0 |   0.0 |      26 |       0 |   0.0
        D:2 |      39 |       0 |   0.0 |       8 |       0 |   0.0
            +---------+---------+-------+---------+---------+-------
